 Dungeon Crawl Stone Soup version 0.25-a0-1133-g93ebf739aa (webtiles) character file.

Game seed: 831567788751695576, levelgen mode: deterministic

12903 Flugslaktarn the Cleaver (level 12, -3/76 HPs)
             Began as a Gargoyle Fighter on May 20, 2020.
             Was a High Priest of Okawaru.
             Slain by a catoblepas (12 damage)
             ... on level 5 of the Lair of Beasts.
             The game lasted 00:29:45 (4007 turns).

Flugslaktarn the Cleaver (Gargoyle Fighter)         Turns: 4007, Time: 00:29:46

Health: -3/76      AC: 34    Str: 25    XL:     12   Next: 0%
Magic:  15/16      EV:  9    Int:  9    God:    Okawaru [*****.]
Gold:   520        SH: 13    Dex:  9    Spells: 11/11 levels left

rFire    + . .     SeeInvis .   a - +0 war axe
rCold    x . .     Gourm    .   c - +0 kite shield
rNeg     + . .     Faith    .   D - +0 plate armour
rPois    ∞         Spirit   .   l - +1 hat
rElec    +         Reflect  .   G - +0 cloak
rCorr    .         Harm     .   k - +1 pair of gloves
MR       .....                  (no boots)
Stlth    ..........             (no amulet)
HPRegen  0.22/turn              p - +4 ring of protection
MPRegen  0.15/turn              s - ring of fire

@: heroism
A: negative energy resistance 1, electricity resistance, unbreathing,
petrification resistance, rot immunity, AC +8
a: Heroism, Finesse, Renounce Religion


You were on level 5 of the Lair of Beasts.
You worshipped Okawaru.
Okawaru was extremely pleased with you.
You were not hungry.

You visited 3 branches of the dungeon, and saw 14 of its levels.

You collected 520 gold pieces.

Inventory:

Hand Weapons
 a - a +0 war axe (weapon)
 h - a +1 hand axe of freezing
   (You found it on level 1 of the Dungeon)
 B - a +0 hand axe of flaming
   (Okawaru gifted it to you on level 2 of the Lair of Beasts)
Missiles
 w - 11 poisoned darts (quivered)
Armour
 c - a +0 kite shield (worn)
 k - a +1 pair of gloves (worn)
   (You found it on level 2 of the Dungeon)
 l - a +1 hat (worn)
   (You found it on level 1 of the Dungeon)
 D - a +0 plate armour (worn)
   (You took it off an orc warrior on level 8 of the Dungeon)
 G - a +0 cloak (worn)
   (You found it on level 6 of the Dungeon)
Jewellery
 p - a +4 ring of protection (left hand)
   (You found it on level 6 of the Dungeon)
 s - a ring of fire (right hand)
   (You found it on level 6 of the Lair of Beasts)
Wands
 v - a wand of digging (6)
   (You found it on level 2 of the Dungeon)
 y - a wand of clouds (2)
   (You found it on level 7 of the Dungeon)
 A - a wand of paralysis (4)
   (You found it on level 2 of the Lair of Beasts)
 C - a wand of flame (25)
   (You found it on level 2 of the Lair of Beasts)
 H - a wand of random effects (10)
   (You found it on level 6 of the Lair of Beasts)
 K - a wand of acid (8)
   (You found it on level 6 of the Lair of Beasts)
Scrolls
 f - 2 scrolls of fear
 g - 4 scrolls of enchant weapon
 o - a scroll of amnesia
 t - 2 scrolls of teleportation
 x - 3 scrolls of remove curse
 z - 3 scrolls of blinking
 J - a scroll of magic mapping
Potions
 b - a potion of ambrosia
 d - 2 potions of might
 i - 4 potions of haste
 j - 3 potions of brilliance
 m - 4 potions of flight
 n - a potion of resistance
 q - a potion of curing
 r - a potion of berserk rage {unknown}
 u - 4 potions of stabbing
 E - a potion of invisibility
 F - a potion of lignification
 I - a potion of heal wounds {unknown}
Comestibles
 e - 5 rations


   Skills:
 + Level 9.0(14.0) Fighting
 * Level 10.1(15.1) Axes
 + Level 9.1(14.1) Armour
 + Level 9.0(14.0) Shields
 + Level 6.5 Invocations
 - Level 5.0 Evocations


You had 11 spell levels left.
You didn't know any spells.
Your spell library contained the following spells:

 Spells                   Type           Power        Failure   Level  Hunger
 Magic Dart               Conj           #...         98%         1    ##.....
 Blink                    Tloc           N/A          99%         2    ###....
 Call Imp                 Summ           #.......     99%         2    ###....
 Slow                     Hex            #.......     99%         2    ###....
 Confusing Touch          Hex            #.......     100%        3    ####...
 Conjure Flame            Conj/Fire      #.......     100%        3    ####...
 Gell's Gravitas          Tloc           #.........   100%        3    ####...
 Mephitic Cloud           Conj/Pois/Air  #.......     100%        3    ####...
 Petrify                  Tmut/Erth      #.......     100%        4    #####..
 Metabolic Englaciation   Hex/Ice        #.........   100%        5    ######.
 Yara's Violent Unravell  Hex/Tmut       #.........   100%        5    ######.


Dungeon Overview and Level Annotations

Branches:
Dungeon (8/15)             Temple (1/1) D:5            Lair (6/6) D:8
  Swamp (0/4) Lair:3
  Snake: Lair:2-4    Spider: Lair:2-4     Slime: Lair:5-6

Altars:
Ashenzari
Gozag
Hepliaklqana
Kikubaaqudgha
Makhleb
Okawaru
Ru
Trog
Uskayaw
Wu Jian
Yredelemnul
Zin
The Shining One

Portals:
Gauntlet: Lair:3

Annotations:
D:6 Prince Ribbit
D:8 1 runed translucent door, Amnesiac's ghost, novice DEFi


Innate Abilities, Weirdness & Mutations

You are resistant to torment.
Your stone body is resilient. (AC +8)
You are immune to poison.
You resist negative energy. (rN+)
You are resistant to electric shocks. (rElec)
You can survive without breathing.
You are immune to petrification.
You are immune to rotting.


Message History

You closely miss the water moccasin. You hit the plant but do no damage.
You block the water moccasin's attack.
The catoblepas gores you but does no damage.
Your plate armour prevents you from hitting the catoblepas.
The catoblepas is severely wounded.
You hit the plant. You slash the water moccasin!
The water moccasin bites you but does no damage.
You hit the catoblepas.
The catoblepas is severely wounded.
You hit the plant but do no damage. You closely miss the water moccasin.
The water moccasin bites you.
* * * LOW HITPOINT WARNING * * *
You block the catoblepas's attack.
You slash the catoblepas!
The catoblepas is almost dead.
You hit the plant but do no damage. You miss the water moccasin.
The catoblepas is no longer covered in acid.
The water moccasin bites you but does no damage.
The catoblepas gores you!
You die...

#..............
#..............
#.............
##.............
##.>............
#...............
##..............
#.....Y......P.
#..P.P@S...#P##
####..§...?#
#......PP..
#..§........
##.......P..
...........
##.....P....
..........


You could see a catoblepas and a water moccasin.

Vanquished Creatures
  9 spiny frogs
  A rime drake (Lair:3)
  6 komodo dragons
  7 dream sheep (Lair:6)
  3 blink frogs (Lair:6)
  Grinder (D:6)
  A hornet (D:7)
  3 hippogriffs
  9 yaks
  2 basilisks
  2 wargs (D:8)
  6 water moccasins
  5 porcupines
  A sky beast (D:5)
  3 phantoms
  An orc warrior (D:8)
  2 ice beasts
  A black bear (D:7)
  A centaur (D:8)
  An ogre (D:5)
  4 crocodiles
  7 bullfrogs
  4 killer bees (D:8)
  7 wights
  2 howler monkeys
  2 crimson imps
  A bullfrog zombie (D:7)
  3 hounds
  2 orc wizards
  2 orc priests
  A bullfrog skeleton (D:7)
  5 iguanas
  Natasha (twice) (D:2)
  5 worker ants
  2 worker ant zombies
  3 gnolls (D:3)
  7 adders
  2 dart slugs (D:1)
  4 leopard geckos
  12 orcs
  5 giant cockroaches
  7 goblins
  7 hobgoblins
  19 jackals
  4 kobolds
  A quokka (D:7)
  7 bats
  7 frilled lizards
  A jackal skeleton (D:6)
  A quokka skeleton (D:7)
  6 rats
  2 plants (Lair:2)
209 creatures vanquished.

Vanquished Creatures (others)
  5 plants (Lair:6)
5 creatures vanquished.

Grand Total: 214 creatures vanquished

Notes
Turn   | Place    | Note
-------+----------+-------------------------------------------
     0 | D:1      | Flugslaktarn the Gargoyle Fighter began the quest for the
                  | Orb.
     0 | D:1      | Reached XP level 1. HP: 14/14 MP: 1/1
    53 | D:1      | Reached skill level 2 in Axes
    74 | D:1      | Reached XP level 2. HP: 16/19 MP: 2/2
   130 | D:1      | Reached XP level 3. HP: 19/23 MP: 3/3
   297 | D:2      | Noticed Natasha
   304 | D:2      | Killed Natasha
   304 | D:2      | Reached XP level 4. HP: 15/29 MP: 4/4
   323 | D:2      | Reached skill level 3 in Axes
   468 | D:2      | Noticed Natasha
   474 | D:2      | Killed Natasha
   474 | D:2      | Reached XP level 5. HP: 18/33 MP: 5/5
   658 | D:4      | Reached XP level 6. HP: 27/39 MP: 6/6
   725 | D:4      | Found a sacrificial altar of Ru.
   797 | D:3      | Reached skill level 4 in Axes
   975 | D:4      | Noticed a phantom
  1127 | D:4      | Found a burning altar of Makhleb.
  1132 | D:4      | Found a glowing silver altar of Zin.
  1132 | D:4      | Noticed an angel
  1258 | D:4      | Killed a phantom
  1258 | D:4      | Reached XP level 7. HP: 38/44 MP: 7/7
  1260 | D:5      | Entered Level 5 of the Dungeon
  1283 | D:6      | Reached skill level 5 in Fighting
  1283 | D:6      | Reached skill level 5 in Shields
  1285 | D:6      | Reached skill level 5 in Armour
  1314 | D:6      | Found an ancient bone altar of Kikubaaqudgha.
  1425 | D:5      | Found an ornate altar of the Wu Jian Council.
  1484 | D:5      | Found a staircase to the Ecumenical Temple.
  1491 | Temple   | Entered the Ecumenical Temple
  1504 | Temple   | Became a worshipper of Warmaster Okawaru
  1577 | D:5      | Reached skill level 5 in Axes
  1699 | D:6      | Noticed Grinder
  1700 | D:6      | Noticed Prince Ribbit
  1720 | D:6      | Paralysed by Grinder for 5 turns
  1722 | D:6      | HP: 1/44 [Grinder (2)]
  1731 | D:6      | Paralysed by Grinder for 5 turns
  1891 | D:7      | Reached XP level 8. HP: 20/50 MP: 8/8
  2080 | D:6      | Reached * piety under Okawaru
  2087 | D:6      | Found a hazy altar of Hepliaklqana.
  2100 | D:6      | HP: 1/51 [centaur (6)]
  2231 | D:6      | Paralysed by Grinder for 6 turns
  2237 | D:6      | Killed Grinder
  2237 | D:6      | Reached skill level 6 in Axes
  2274 | D:6      | Found a bloodstained altar of Trog.
  2317 | D:6      | Reached skill level 1 in Invocations
  2416 | D:7      | Reached XP level 9. HP: 34/56 MP: 7/10
  2493 | D:7      | Noticed a hornet
  2505 | D:7      | Killed a hornet
  2505 | D:7      | Reached ** piety under Okawaru
  2575 | D:7      | Reached skill level 7 in Axes
  2750 | D:8      | Found a hide-covered altar of Uskayaw.
  2794 | D:8      | Found a runed translucent door.
  2799 | D:8      | Noticed Amnesiac's ghost (novice DEFi)
  2900 | D:8      | Found a staircase to the Lair.
  2931 | Lair:1   | Entered Level 1 of the Lair of Beasts
  2966 | Lair:1   | Reached *** piety under Okawaru
  2966 | Lair:1   | Reached skill level 1 in Evocations
  2979 | Lair:1   | Reached XP level 10. HP: 45/63 MP: 12/12
  3016 | Lair:1   | Noticed a spiny frog
  3027 | Lair:1   | Killed a spiny frog
  3129 | Lair:1   | Noticed a spiny frog
  3140 | Lair:1   | Killed a spiny frog
  3140 | Lair:1   | Reached skill level 5 in Evocations
  3143 | Lair:1   | Noticed a spiny frog
  3169 | Lair:1   | Killed a spiny frog
  3169 | Lair:1   | Reached **** piety under Okawaru
  3169 | Lair:1   | Reached skill level 8 in Axes
  3335 | Lair:2   | Noticed a spiny frog
  3351 | Lair:2   | Killed a spiny frog
  3410 | Lair:2   | Reached ***** piety under Okawaru
  3413 | Lair:2   | Noticed a spiny frog
  3421 | Lair:2   | Killed a spiny frog
  3421 | Lair:2   | Reached XP level 11. HP: 22/68 MP: 12/14
  3421 | Lair:2   | Reached skill level 5 in Invocations
  3422 | Lair:2   | Received a gift from Okawaru
  3427 | Lair:2   | Reached skill level 9 in Axes
  3727 | Lair:3   | Found a gate leading to a gauntlet.
  3729 | Lair:3   | You fall into a shaft and drop 3 floors!
  3729 | Lair:6   | Entered Level 6 of the Lair of Beasts
  3910 | Lair:6   | Received a gift from Okawaru
  3919 | Lair:6   | Reached skill level 10 in Axes
  3989 | Lair:5   | Noticed a catoblepas
  3994 | Lair:5   | Reached XP level 12. HP: 33/76 MP: 13/16
  4007 | Lair:5   | Slain by a catoblepas

Illustrated notes

Levels and vault maps discovered:
D:1:      dpeg_arrival_boxorama, layout_rooms
D:2:      layout_rooms, uniq_robin, uniq_natasha
D:3:      layout_loops_ring, lemuel_coloured_pillars_altar, serial_rivers,
          chequers_serial_rivers_micro_c, chequers_serial_rivers_micro_d,
          chequers_serial_rivers_large_b, chequers_serial_rivers_room_a,
          chequers_serial_rivers_micro_c, minmay_misc_feat_diagonals
D:4:      layout_basic, grunt_temple_overflow_order_and_chaos_2,
          nicolae_ru_awakened_eye, nrook_mini_vaults
D:5:      layout_loops_cross, lemuel_round_altar, minmay_temple_entry_tees,
          first_ration, uniq_menkaure, uniq_crazy_yiuf_cottage
D:6:      layout_loops_ring, kennysheep_mini_moat, kennysheep_little_box,
          nicolae_overflow_crystal_walls, lemuel_tele_altar,
          uniq_prince_ribbit1, uniq_grinder
D:7:      layout_rooms
D:8:      layout_basic, eat_drink_and_be_merry_uskayaw,
          erik_lair_orcish_takeover, ebering_ghost_reflecting_pool,
          hangedman_pestilent_swarm
Temple:   nicolae_temple_hex_pool
Lair:1:   layout_cave_pods, chequers_serial_rivers_micro_a
Lair:2:   beast_lair_carwin_large_1, layout_cave_shapes,
          infiniplex_staircase_pool_2
Lair:3:   layout_cave_shapes, minmay_swamp_entry_wisps, gauntlet_entry_generic,
          st_stairs_6, serial_bayou_shore_a, uniq_gastronok
Lair:5:   layout_cave_pods, slime_altar_1, portal_ice_cave_entry_imps,
          minmay_lair_oklob_bushes, chequers_serial_rivers_micro_e
Lair:6:   hangedman_lair_in_review, layout_layer_cave, serial_bayou_shore_b,
          grunt_megastairs_3, serial_bayou_shore_b

Skill      XL: |  1  2  3  4  5  6  7  8  9 10 11 |
---------------+----------------------------------+-----
Axes           | 2 3 4 5 6 7 8 10 | 10.1
Fighting       | 4 5 6 7 9 |  9.0
Armour         | 4 5 6 7 8 9 |  9.1
Shields        | 4 5 6 7 8 9 |  9.0
Invocations    | 1 3 4 6 |  6.5
Evocations     | 2 5 |  5.0

Action                   |  1- 3 |  4- 6 |  7- 9 | 10-12 || total
-------------------------+-------+-------+-------+-------++-------
Melee: War axe           |    25 |    72 |   359 |   306 ||   762
       Hand axe          |    36 |   109 |       |     7 ||   152
Throw: Dart              |       |       |     2 |    18 ||    20
Invok: Heroism           |       |       |     8 |    14 ||    22
       Finesse           |       |       |       |     1 ||     1
Evoke: Wand              |       |       |       |    11 ||    11
  Use: Potion            |       |     1 |     4 |     4 ||     9
       Scroll            |       |       |    16 |     5 ||    21
 Stab: Paralysed         |       |       |       |     3 ||     3
  Eat: Chunk             |       |     1 |       |       ||     1
       Ration            |       |       |     3 |     1 ||     4
Armor: Scale mail        |    64 |   106 |   226 |       ||   396
       Plate armour      |       |       |    21 |   158 ||   179
       Skin              |       |       |       |     4 ||     4
Dodge: Dodged            |    48 |    60 |   139 |    65 ||   312
Block: Kite shield       |    45 |   104 |   243 |   169 ||   561

Table legend:
 A = Non-vault XP
 B = Vault XP
 C = Vault XP percentage of total XP
 D = Non-vault monster count
 E = Vault monster count
 F = Vault count percentage of total count
                 A         B        C        D         E       F
            +---------+---------+-------+---------+---------+-------
      Total |   15697 |    2736 |  14.8 |     188 |      19 |   9.2
            +---------+---------+-------+---------+---------+-------
        D:1 |      64 |       0 |   0.0 |      33 |       0 |   0.0
        D:2 |     107 |      35 |  24.6 |      17 |       1 |   5.6
        D:3 |      80 |       0 |   0.0 |      20 |       0 |   0.0
        D:4 |     359 |       0 |   0.0 |      12 |       0 |   0.0
        D:5 |     282 |       0 |   0.0 |       5 |       0 |   0.0
        D:6 |     700 |     254 |  26.6 |      16 |       1 |   5.9
        D:7 |    1297 |       0 |   0.0 |      24 |       0 |   0.0
        D:8 |     684 |     550 |  44.6 |       9 |       7 |  43.8
     Lair:1 |    2722 |       0 |   0.0 |      11 |       0 |   0.0
     Lair:2 |    2861 |    1408 |  33.0 |      13 |       8 |  38.1
     Lair:3 |    2738 |       0 |   0.0 |      13 |       0 |   0.0
     Lair:5 |      96 |       0 |   0.0 |       1 |       0 |   0.0
     Lair:6 |    3707 |     489 |  11.7 |      14 |       2 |  12.5
            +---------+---------+-------+---------+---------+-------
